 Dungeon Crawl Stone Soup version 0.19.1 (webtiles) character file.

168 HarryHood the Cudgeler (level 5, -1/32 HPs)
             Began as a Gargoyle Berserker on Dec 21, 2016.
             Was a Believer of Trog.
             Slain by a gnoll
             ... wielding a +2 spear of piercing
              (2 damage)
             ... on level 2 of the Dungeon.
             The game lasted 00:07:42 (1855 turns).

HarryHood the Cudgeler (Gargoyle Berserker)         Turns: 1855, Time: 00:07:43

Health: -1/32      AC: 14    Str: 20    XL:     5   Next: 49%
Magic:  5/5        EV:  6    Int:  8    God:    Trog [**....]
Gold:   86         SH:  0    Dex: 10    Spells: 0 memorised, 4 levels left

rFire  + . .     SeeInvis .     a - +0 mace
rCold  . . .     Gourm    .     o - +0 plate armour
rNeg   + . .     Faith    .     (no shield)
rPois  ∞         Spirit   .     (no helmet)
rElec  +         Reflect  .     (no cloak)
rCorr  +         Harm     .     (no gloves)
MR     .....                    (no boots)
Stlth  ..........               (no amulet)
                                j - ring of resist corrosion
                                b - ring of protection from fire

@: no status effects
A: negative energy resistance 1, electricity resistance, unbreathing,
petrification resistance, rot immunity, AC +4
a: Berserk, Trog's Hand, Burn Spellbooks, Renounce Religion


You were on level 2 of the Dungeon.
You worshipped Trog.
Trog was pleased with you.
You were not hungry.

You visited 1 branch of the dungeon, and saw 2 of its levels.

You collected 86 gold pieces.

Inventory:

Hand Weapons
 a - a +0 mace (weapon)
Armour
 o - a +0 plate armour (worn)
Jewellery
 b - a ring of protection from fire (left hand)
 e - a +5 amulet of reflection {unknown}
 j - a ring of resist corrosion (right hand)
 s - an uncursed ring of see invisible {unknown}
Scrolls
 g - 2 scrolls of magic mapping {unknown}
 m - a scroll of immolation {unknown}
 n - 3 scrolls of remove curse
 q - 3 scrolls of identify {unknown}
 r - a scroll of blinking {unknown}
Potions
 f - a potion of berserk rage {unknown}
 h - a potion of lignification {unknown}
 i - 2 potions of curing {unknown}
 k - a potion of brilliance {unknown}
 t - a potion of beneficial mutation {unknown}
Comestibles
 c - 2 bread rations
 d - 12 chunks of flesh
 l - 2 meat rations
 p - a fruit


   Skills:
 - Level 3.2 Fighting
 * Level 6.0 Maces & Flails
 - Level 2.1 Armour
 - Level 1.5 Dodging


You had 4 spell levels left.
You didn't know any spells.

Dungeon Overview and Level Annotations

Branches:
Dungeon (2/15)

Altars:
Ashenzari


Innate Abilities, Weirdness & Mutations

You are resistant to torment.
Your stone body is resilient. (AC +4)
You are immune to poison.
You resist negative energy. (rN+)
You are resistant to electric shocks. (rElec)
You can survive without breathing.
You are immune to petrification.
You are immune to rotting.


Message History

You kill the gnoll!
Trog accepts your kill.
Your Maces & Flails skill increases to level 6!
The gnoll hits you but does no damage.
The gnoll hits you from afar with a spear.
* * * LOW HITPOINT WARNING * * *
The gnoll hits you but does no damage. x2
Things that are here:
a flail; a gnoll corpse x2
The gnoll hits you but does no damage. x2
The gnoll barely misses you. The gnoll closely misses you.
Things that are here:
a flail; a gnoll corpse x2
You hit the gnoll.
The gnoll is lightly wounded.
The gnoll hits you but does no damage. The gnoll barely misses you.
You hit the gnoll but do no damage.
The gnoll hits you with a spear of piercing.
* * * LOW HITPOINT WARNING * * *
You die...

#.#.........##
#.............
#.............
#.............
#.............
#.............
#####g..........).###
#...@g............+..
##.###......%......###
#..................###
#...............%..#..
#..................#..
#..................#..
#..................#..
#......#############..
#......# #..


You could see 2 gnolls.

Vanquished Creatures
  Natasha (twice) (D:2)
  2 gnolls (D:2)
  4 adders (D:2)
  3 dart slugs
  2 leopard geckos
  2 ball pythons
  3 bats
  6 giant cockroaches
  4 goblins
  12 hobgoblins
  4 jackals (D:2)
  A frilled lizard (D:1)
  2 kobolds
  4 rats (D:1)
51 creatures vanquished.

Notes
Turn   | Place    | Note
-------+----------+-------------------------------------------
     0 | D:1      | HarryHood the Gargoyle Berserker began the quest for the Orb.
     0 | D:1      | Reached XP level 1. HP: 14/14 MP: 1/1
   295 | D:1      | Found a shattered altar of Ashenzari.
   390 | D:1      | Reached XP level 2. HP: 18/19 MP: 2/2
   760 | D:1      | Reached skill level 4 in Maces & Flails
   771 | D:1      | Reached XP level 3. HP: 19/23 MP: 3/3
  1405 | D:2      | Reached ** piety under Trog
  1444 | D:2      | Noticed Natasha
  1483 | D:2      | Killed Natasha
  1483 | D:2      | Reached skill level 5 in Maces & Flails
  1483 | D:2      | Reached XP level 4. HP: 19/28 MP: 4/4
  1516 | D:2      | Noticed Natasha
  1524 | D:2      | Killed Natasha
  1735 | D:2      | Reached XP level 5. HP: 29/32 MP: 5/5
  1850 | D:2      | Reached skill level 6 in Maces & Flails
  1855 | D:2      | HP: 1/32 [gnoll/spear of piercing (5)]
  1855 | D:2      | Slain by a gnoll

Skill      XL: |  1  2  3  4  5 |
---------------+----------------+-----
Maces & Flails | 4 5 6 |  6.0
Fighting       | |  3.2
Armour         | |  2.1
Dodging        | |  1.5

Action                   |  1- 3 |  4- 6 || total
-------------------------+-------+-------++-------
Melee: Mace              |   157 |    64 ||   221
  Use: Scroll            |     4 |       ||     4
  Eat: Chunk             |     2 |     1 ||     3
Armor: Animal skin       |    18 |       ||    18
       Ring mail         |    31 |       ||    31
       Plate armour      |    37 |    74 ||   111
Dodge: Dodged            |    89 |    30 ||   119
